 Dungeon Crawl Stone Soup version 0.30-a0-920-g7493c07aab (webtiles) character file.

Game seed: 9545028056478740282

21 GloriousHammer the Trooper (level 2, -2/33 HPs)
             Began as an Ogre Cinder Acolyte on Mar 21, 2023.
             Was a High Priest of Ignis.
             Slain by a kobold
             ... wielding a +2 whip of freezing
              (5 damage)
             ... on level 1 of the Dungeon.
             The game lasted 00:02:35 (816 turns).

GloriousHammer the Trooper (Ogre Cinder Acolyte)     Turns: 816, Time: 00:02:37

Health: -2/33      AC:  3    Str: 17    XL:     2   Next: 83%
Magic:  0/4        EV:  9    Int: 15    God:    Ignis [*****.]
Gold:   26         SH:  0    Dex:  4    Spells: 2/4 levels left

rFire   + . .      SeeInvis .    e - +0 whip
rCold   . . .      Faith    .    (no shield)
rNeg    . . .      Spirit   .    b - +0 robe
rPois   .          Reflect  .    (helmet restricted)
rElec   .          Rampage  .    (no cloak)
rCorr   .                        (gloves unavailable)
Will    .....                    (boots unavailable)
Stlth   +                        (no amulet)
HPRegen 0.25/turn                (no ring)
MPRegen 0.09/turn                (no ring)

@: very slightly contaminated
A: large, unfitting armour, tough skin 1
a: Renounce Religion, Fiery Armour, Foxfire Swarm, Rising Flame


You were on level 1 of the Dungeon.
You worshipped Ignis.
Ignis was extremely pleased with you.
You visited 1 branch of the dungeon, and saw 1 of its levels.

You collected 26 gold pieces.

Inventory:

Hand Weapons
 a - a -1 mace of flaming
 e - a +0 whip (weapon)
Missiles
 f - 14 stones (quivered)
Armour
 b - a +0 robe (worn)
Scrolls
 c - a scroll of brand weapon {unknown}
 d - a scroll of amnesia {unknown}


   Skills:
 + Level 4.3 Fighting
 + Level 2.9 Maces & Flails
 + Level 1.8 Spellcasting
 + Level 2.9 Fire Magic


You had 2 spell levels left.
You knew the following spells:

 Your Spells              Type           Power      Damage    Failure   Level
a - Scorch                Fire           20%        2d6       10%         2

Your spell library contained the following spells:

 Spells                   Type           Power      Damage    Failure   Level


Dungeon Overview and Level Annotations

Branches:
Dungeon (1/15)

Altars:

Shops:
D:1 :


Innate Abilities, Weirdness & Mutations

You are too large for most types of armour.
You have tough skin. (AC +1)


Message History

The ball python barely misses you.
Casting: Scorch (safe; 11% risk of failure)
Confirm with . or Enter, or press ? or * to list all spells.
Flames lash the frilled lizard.
You kill the frilled lizard!
The ball python closely misses you.
Casting: Scorch (safe; 11% risk of failure)
Confirm with . or Enter, or press ? or * to list all spells.
Flames lash the ball python.
You kill the ball python!
You start resting.
HP restored.
Unknown command.
You start resting.
Magic restored.
You start waiting.
A frilled lizard comes into view.
A frilled lizard is nearby!
A frilled lizard is nearby!
The frilled lizard hisses angrily.
Casting: Scorch (safe; 11% risk of failure)
Confirm with . or Enter, or press ? or * to list all spells.
Flames lash the frilled lizard.
You kill the frilled lizard!
You start resting.
Magic restored.
You start waiting.
Done waiting.
Found a mace.
Found an escape hatch in the floor.
You now have 26 gold pieces (gained 12).
An endoplasm comes into view.
The endoplasm quivers.
The endoplasm moves out of view.
An endoplasm is nearby!
Casting: Scorch (safe; 11% risk of failure)
Confirm with . or Enter, or press ? or * to list all spells.
You miscast Scorch.
You are very lightly contaminated with residual magic.
Nothing appears to happen.
You barely miss the endoplasm. The endoplasm barely misses you.
You barely miss the endoplasm. The endoplasm closely misses you.
Casting: Scorch (safe; 11% risk of failure)
Confirm with . or Enter, or press ? or * to list all spells.
Flames lash the endoplasm.
You kill the endoplasm!
You start resting.
Your magical contamination has completely faded away.
You start resting.
Magic restored.
There is an escape hatch in the floor here.
Found a robe.
Found 5 stones.
A hobgoblin comes into view.
The hobgoblin shouts!
A hobgoblin is nearby!
Casting: Scorch (safe; 11% risk of failure)
Confirm with . or Enter, or press ? or * to list all spells.
Flames lash the hobgoblin.
You kill the hobgoblin!
You see here a +0 robe.
You see here 5 stones.
f - 5 stones
f - 8 stones (gained 3)
You see here a +0 dagger.
f - 14 stones (gained 6)
A kobold comes into view. It is wielding a +2 whip of freezing.
The kobold shouts!
You hear a shout!
The kobold moves out of view.
A kobold is nearby!
A goblin comes into view. It is wielding a +1 dagger of speed.
The kobold hits you with a +2 whip of freezing.
The kobold freezes you.
You see here 8 stones.
You completely miss the kobold.
The kobold hits you with a +2 whip of freezing.
The kobold freezes you.
You closely miss the kobold.
The kobold hits you with a +2 whip of freezing.
The kobold freezes you.
You closely miss the kobold.
The kobold hits you with a +2 whip of freezing.
* * * LOW HITPOINT WARNING * * *
The kobold freezes you.
* * * LOW HITPOINT WARNING * * *
Casting: Scorch (safe; 11% risk of failure)
Confirm with . or Enter, or press ? or * to list all spells.
Flames lash the goblin.
You kill the goblin!
The kobold hits you with a +2 whip of freezing.
* * * LOW HITPOINT WARNING * * *
The kobold freezes you.
* * * LOW HITPOINT WARNING * * *
Casting: Scorch (safe; 10% risk of failure)
Confirm with . or Enter, or press ? or * to list all spells.
You miscast Scorch.
You are very lightly contaminated with residual magic.
Nothing appears to happen.
The kobold hits you with a +2 whip of freezing.
You die...

.....# #.⌠.⌠....##
.....# #......#..#
....## #..∩...##.#
....# #......##.##
....####.⌠.⌠..##..#
..............###>#
###...........## .###
####...####..##...####
#..........@.......
##..#####..#K......
#..# ##...).....
###..### ###.......
#......# ###.###
#......# .# #......# #
########


You could see a kobold.

Vanquished Creatures
  A dart slug (D:1)
  2 endoplasms (D:1)
  A goblin (D:1)
  A hobgoblin (D:1)
  2 jackals (D:1)
  A quokka (D:1)
  A ball python (D:1)
  3 frilled lizards (D:1)
  4 kobolds (D:1)
  2 rats (D:1)
18 creatures vanquished.

Vanquished Creatures (others)
  4 toadstools (D:1)
4 creatures vanquished.

Grand Total: 22 creatures vanquished

Notes
Turn   | Place    | Note
-------+----------+-------------------------------------------
     0 | D:1      | GloriousHammer the Ogre Cinder Acolyte began the quest for
                  | the Orb.
     0 | D:1      | Reached XP level 1. HP: 24/24 MP: 2/2
    78 | D:1      | Reached XP level 2. HP: 32/32 MP: 2/4
   122 | D:1      | Found Jogoedych's Vocational Training.
   347 | D:1      | Learned a level 2 spell: Scorch
   816 | D:1      | Slain by a kobold

Illustrated notes

Levels and vault maps discovered:
D:1:      ldierk_walled_garden_2, layout_rooms,
          shapermc_ecumenical_altar_totnotflames, minmay_misc_feat_nine_boxes,
          nicolae_shop_vocational

Action                     || total
---------------------------++-------
  Melee: Mace              ||    30
         Punch             ||     2
         Whip              ||    25
   Cast: Scorch            ||     6
 Armour: Robe              ||    19
  Dodge: Dodged            ||    33

Table legend: (Time is in decaauts)
 A = Elapsed time spent in this place.
 B = Non-inter-level travel time spent in this place.
 C = Inter-level travel time spent in this place.
 D = Time resting spent in this place.
 E = Time spent auto-exploring this place.
 F = Levels seen in this place.
 G = Mean time per level.
                   A        B        C        D        E       F      G
               +--------+--------+--------+--------+--------+-----+--------+
         Total |    822 |    822 |      0 |    454 |    177 |   1 |  822.0 |
       Dungeon |    822 |    822 |      0 |    454 |    177 |   1 |  822.0 |
               +--------+--------+--------+--------+--------+-----+--------+

Top non-repeatable levels by time:
     D:1: 822 daAuts
